Phantoms vs Griffins
Created - March 21, 2022 at 19:41
Goals
|
| Phantoms |
1 |
1 |
2 |
4 |
| Griffins |
2 |
1 |
3 |
6 |
|
Shots
|
| Phantoms |
14 |
14 |
7 |
35 |
| Griffins |
18 |
7 |
13 |
38 |
|
1st period
1. Phantoms , Michael Bournival 11 (Calle Jarnkrok 44, Mark Alt 9) at 10:46
2. Griffins , Lucas Lessio 24 (Adam Gaudette 31, Ryan Pulock 13) at 15:15 (PP)
3. Griffins , Danny Kristo 26 (Dmitri Orlov 17, Phil Oreskovic 15) at 16:27
Penalties :
Cristoval Nieves (Leh) for Hooking (Minor) at 7:52, Phil Oreskovic (Gra) for Holding (Minor) at 10:51, Nick Shore (Leh) for Tripping (Minor) at 14:59
2nd period
4. Phantoms , Michael Bournival 12 (Calle Jarnkrok 45) at 6:20 (PP)
5. Griffins , Sonny Milano 8 (Martin Frk 11, Ryan Pulock 14) at 7:52
Penalties :
Phil Oreskovic (Gra) for Hooking (Minor) at 0:03, Brendan Woods (Gra) for Goalie Interference (Minor) at 6:09, Riley Armstrong (Gra) for Hooking (Minor) at 17:21
3rd period
6. Griffins , Garrett Wilson 9 (Phil Oreskovic 16, Greg McKegg 1) at 2:37
7. Phantoms , Erik Nystrom 8 (Cristoval Nieves 22) at 6:20
8. Phantoms , Travis Konecny 40 (Michael Bournival 21, Calle Jarnkrok 46) at 12:17 (PP)
9. Griffins , Garrett Wilson 10 (Phil Oreskovic 17, Greg McKegg 2) at 14:34
10. Griffins , Adam Gaudette 24 (Dmitri Orlov 18, Lucas Lessio 27) at 14:53 (PP)
Penalties :
Adam Gaudette (Gra) for Tripping (Minor) at 10:42, Calle Jarnkrok (Leh) for Hooking (Minor) at 14:40, Sven Andrighetto (Leh) for High sticking (Minor) at 16:32
Goalie Stats
Anton Forsberg (Leh), 32 saves from 38 shots - (0.842), L, 21-9-1, 60:00 minutes
Marcus Hogberg (Gra), 31 saves from 35 shots - (0.886), W, 4-0-2, 60:00 minutes
Players Stats for Phantoms
Player Name G A P +/- PIM S H SB GA TA FO MP PP MP PK MP
------------------------------------------------------------------------------------
A.J. Greer 0 0 0 0 0 0 0 0 0 0 0/0 1:09 0:00 0:43
Alex DeBrincat 0 0 0 0 0 3 2 0 1 0 0/0 17:20 3:39 0:00
Anthony Angello 0 0 0 0 0 0 0 0 0 0 0/0 1:17 0:00 1:17
Blake Heinrich 0 0 0 -2 0 1 0 3 1 0 0/0 21:12 3:07 1:47
Brendan Leipsic 0 0 0 -1 0 0 0 0 0 0 0/0 6:49 0:00 0:00
Brenden Kichton 0 0 0 -2 0 0 0 2 0 1 0/0 10:30 0:00 0:00
Calle Jarnkrok 0 3 3 -1 2 2 1 0 0 2 25/35 22:48 3:53 2:27
Cristoval Nieves 0 1 1 1 2 2 0 0 1 0 2/4 11:47 0:00 0:02
David Kampf 0 0 0 0 0 0 0 0 0 0 0/0 0:11 0:11 0:00
Erik Nystrom 1 0 1 0 0 3 0 0 0 0 0/0 10:25 0:00 0:00
Ivan Provorov 0 0 0 2 0 0 0 2 1 1 0/0 28:18 4:36 2:40
JC Lipon 0 0 0 -1 0 0 1 0 0 0 0/0 6:49 0:00 0:00
Laurent Dauphin 0 0 0 0 0 0 0 0 0 0 0/0 0:11 0:11 0:00
Lucas Wallmarkk 0 0 0 -1 0 4 0 0 0 0 2/3 6:49 0:00 0:00
Mark Alt 0 1 1 2 0 0 0 1 0 1 0/0 28:18 4:36 2:40
Michael Bournival 2 1 3 -1 0 6 3 2 0 0 2/6 23:02 3:53 2:40
Mikko Lehtonen 0 0 0 -2 0 0 0 0 1 0 0/0 10:30 0:00 0:00
Nick Shore 0 0 0 0 2 1 3 0 2 0 10/16 17:19 3:39 0:00
Nick Sorensen 0 0 0 0 0 3 0 0 0 0 0/0 10:25 0:00 0:00
Rinat Valiev 0 0 0 -2 0 1 1 0 0 0 0/0 21:12 3:07 1:47
Sven Andrighetto 0 0 0 0 2 3 1 0 0 0 0/1 18:23 3:39 0:38
Travis Konecny 1 0 1 -2 0 6 1 0 0 1 0/2 20:45 4:04 1:07
Players Stats for Griffins
Player Name G A P +/- PIM S H SB GA TA FO MP PP MP PK MP
------------------------------------------------------------------------------------
Adam Gaudette 1 1 2 0 2 4 0 0 0 0 0/2 17:59 2:48 0:00
Brendan Woods 0 0 0 0 2 2 5 1 2 0 3/4 20:18 2:48 4:18
Danny Kristo 1 0 1 0 0 4 4 1 0 0 0/0 17:06 1:39 2:13
Dmitri Orlov 0 2 2 3 0 2 0 1 3 1 0/0 22:28 3:01 0:00
Filip Hronek 0 0 0 -1 0 0 1 0 0 0 0/0 15:09 0:00 1:36
Garrett Wilson 2 0 2 1 0 3 0 0 0 0 0/0 9:12 0:00 0:00
Greg McKegg 0 2 2 1 0 0 0 2 0 0 3/4 9:20 0:00 1:05
Ian McCoshen 0 0 0 0 0 0 2 1 0 0 0/0 13:34 0:00 4:07
Lucas Lessio 1 1 2 0 0 4 2 2 0 1 2/11 22:25 2:48 4:25
Martin Frk 0 1 1 1 0 6 0 0 0 0 0/0 12:50 1:26 0:00
Mathew Barzal 0 0 0 0 0 2 0 0 1 0 10/23 14:53 1:39 0:00
Patrick Wiercioch 0 0 0 0 0 0 0 1 0 2 0/0 18:15 0:00 3:36
Phil Oreskovic 0 3 3 3 4 3 2 2 0 0 0/0 23:07 1:26 2:03
Riley Armstrong 0 0 0 0 2 2 4 1 0 0 7/18 16:09 0:00 0:00
Ryan Lindgren 0 0 0 -1 0 0 0 0 0 1 0/0 4:34 0:00 0:28
Ryan Pulock 0 2 2 0 0 1 1 0 0 2 0/0 21:16 3:01 3:36
Sonny Milano 1 0 1 1 0 1 0 1 0 0 0/0 13:05 1:39 1:12
Troy Terry 0 0 0 1 0 1 0 0 0 0 0/0 8:09 0:00 0:00
Vladislav Namestnikov 0 0 0 1 0 3 0 1 0 0 1/5 12:23 0:00 2:13
3 Stars
1 - Michael Bournival (Leh)
2 - Garrett Wilson (Gra)
3 - Lucas Lessio (Gra)
Power Play
Phantoms - 2 on 5 Attempt(s) - 40.00%
Griffins - 2 on 4 Attempt(s) - 50.00%
Penalty Kill
Phantoms - 2 on 4 Attempt(s) - 50.00%
- Score 0 goal in Penalty Kill
Griffins - 3 on 5 Attempt(s) - 60.00%
- Score 0 goal in Penalty Kill
Team Stat
Phantoms - Hits : 13 - Faceoff Wins : 41 - Blocked Shots : 10 - Penalty Minutes : 8
Griffins - Hits : 21 - Faceoff Wins : 26 - Blocked Shots : 14 - Penalty Minutes : 10
Official
Referees : Beaudry Halkidis and Tom Chmielewski
Linesman : Scott Cherrey and Mark Shewchyk
Game Notes
No Game Note
Finance
Level 1 -- Attendance: 1876 (93.80%) -- Ticket Income $65,660
Level 2 -- Attendance: 939 (93.90%) -- Ticket Income $14,085
Total Attendance: 2815 (93.83%)
Total Ticket Income: $79,745
Other Income: $3,987
Total Income: $83,732
Phantoms
5 vs 5 Forward
Center Left Wing Right Wing Time % Phy DF OF
1 Calle Jarnkrok Michael Bournival Travis Konecny 40 1 2 2
2 Nick Shore Alex DeBrincat Sven Andrighetto 30 1 2 2
3 Cristoval Nieves Erik Nystrom Nick Sorensen 20 1 2 2
4 Lucas Wallmarkk Brendan Leipsic JC Lipon 10 1 2 2
5 vs 5 Defense
Defense Defense Time % Phy DF OF
1 Ivan Provorov Mark Alt 40 1 2 2
2 Blake Heinrich Rinat Valiev 30 1 2 2
3 Brenden Kichton Mikko Lehtonen 20 1 2 2
4 Ivan Provorov Mark Alt 10 1 2 2
PowerPlay Forward
Center Left Wing Right Wing Time % Phy DF OF
1 Calle Jarnkrok Michael Bournival Travis Konecny 60 1 2 2
2 Nick Shore Alex DeBrincat Sven Andrighetto 40 1 2 2
PowerPlay Defense
Defense Defense Time % Phy DF OF
1 Ivan Provorov Mark Alt 60 1 2 2
2 Blake Heinrich Rinat Valiev 40 1 2 2
Penalty Kill 4 Players Forward
Center Wing Time % Phy DF OF
1 Michael Bournival Calle Jarnkrok 60 1 2 2
2 Travis Konecny Sven Andrighetto 40 1 2 2
Penalty Kill 4 Players Defense
Defense Defense Time % Phy DF OF
1 Ivan Provorov Mark Alt 60 1 2 2
2 Blake Heinrich Rinat Valiev 40 1 2 2
Penalty Kill - 3 Players Forward
Forward Time % Phy DF OF
1 Michael Bournival 60 1 2 2
2 Calle Jarnkrok 40 1 2 2
Penalty Kill - 3 Players Defense
Defense Defense Time % Phy DF OF
1 Ivan Provorov Mark Alt 60 1 2 2
2 Blake Heinrich Rinat Valiev 40 1 2 2
4 vs 4 Forward
Center Wing Time % Phy DF OF
1 Michael Bournival Calle Jarnkrok 60 1 2 2
2 Travis Konecny Sven Andrighetto 40 1 2 2
4 vs 4 Defense
Defense Defense Time % Phy DF OF
1 Ivan Provorov Mark Alt 60 1 2 2
2 Blake Heinrich Rinat Valiev 40 1 2 2
Last Minutes Offensive
Center Left Wing Right Wing Defense Defense
Calle Jarnkrok Michael Bournival Travis Konecny Ivan Provorov Mark Alt
Last Minutes Defensive
Center Left Wing Right Wing Defense Defense
Calle Jarnkrok Michael Bournival Travis Konecny Ivan Provorov Mark Alt
Goaltenders
Starting : Anton Forsberg
Backup : Jason Kasdorf
Extra Forwards
Normal : David Kampf, Laurent Dauphin, Anthony Angello - PP : David Kampf, Laurent Dauphin - PK : Anthony Angello
Extra Defensemen
Normal : Brenden Kichton, Mikko Lehtonen, Blake Heinrich - PP : Brenden Kichton - PK : Mikko Lehtonen, Blake Heinrich
Penalty Shots
Michael Bournival, Calle Jarnkrok, Travis Konecny, Sven Andrighetto, Alex DeBrincat
Scratches
Cooper Marody (Healthy), Devon Teows (Healthy), Jake Dotchin (Sprained Right Ankle Injury), Morgan Klimchuk (Healthy), Reid McNeill (Healthy)
Brett Murray (Healthy), Matt Kiersted (Healthy), Riley Stillman (Healthy), Zachary Fucale (Healthy)
Griffins
5 vs 5 Forward
Center Left Wing Right Wing Time % Phy DF OF
1 Riley Armstrong Lucas Lessio Adam Gaudette 37 1 2 2
2 Mathew Barzal Brendan Woods Danny Kristo 33 0 2 3
3 Vladislav Namestnikov Sonny Milano Martin Frk 20 0 3 2
4 Greg McKegg Garrett Wilson Troy Terry 10 0 3 2
5 vs 5 Defense
Defense Defense Time % Phy DF OF
1 Dmitri Orlov Phil Oreskovic 40 1 2 2
2 Patrick Wiercioch Ryan Pulock 30 1 2 2
3 Ian McCoshen Filip Hronek 20 1 2 2
4 Ryan Lindgren Filip Hronek 10 1 2 2
PowerPlay Forward
Center Left Wing Right Wing Time % Phy DF OF
1 Brendan Woods Lucas Lessio Adam Gaudette 55 1 1 3
2 Mathew Barzal Sonny Milano Danny Kristo 45 1 1 3
PowerPlay Defense
Defense Defense Time % Phy DF OF
1 Dmitri Orlov Ryan Pulock 55 0 2 3
2 Phil Oreskovic Martin Frk 45 0 2 3
Penalty Kill 4 Players Forward
Center Wing Time % Phy DF OF
1 Lucas Lessio Brendan Woods 60 1 2 2
2 Vladislav Namestnikov Danny Kristo 40 1 2 2
Penalty Kill 4 Players Defense
Defense Defense Time % Phy DF OF
1 Ian McCoshen Phil Oreskovic 60 1 2 2
2 Patrick Wiercioch Ryan Pulock 40 1 2 2
Penalty Kill - 3 Players Forward
Forward Time % Phy DF OF
1 Brendan Woods 60 1 2 2
2 Danny Kristo 40 1 2 2
Penalty Kill - 3 Players Defense
Defense Defense Time % Phy DF OF
1 Ian McCoshen Phil Oreskovic 60 1 2 2
2 Patrick Wiercioch Ryan Pulock 40 1 2 2
4 vs 4 Forward
Center Wing Time % Phy DF OF
1 Mathew Barzal Adam Gaudette 60 1 2 2
2 Vladislav Namestnikov Brendan Woods 40 1 2 2
4 vs 4 Defense
Defense Defense Time % Phy DF OF
1 Dmitri Orlov Phil Oreskovic 60 1 2 2
2 Patrick Wiercioch Ian McCoshen 40 1 2 2
Last Minutes Offensive
Center Left Wing Right Wing Defense Defense
Mathew Barzal Lucas Lessio Adam Gaudette Dmitri Orlov Phil Oreskovic
Last Minutes Defensive
Center Left Wing Right Wing Defense Defense
Vladislav Namestnikov Brendan Woods Danny Kristo Patrick Wiercioch Phil Oreskovic
Goaltenders
Starting : Marcus Hogberg
Backup : Olivier Roy
Extra Forwards
Normal : Brendan Woods, Lucas Lessio, Garrett Wilson - PP : Brendan Woods, Lucas Lessio - PK : Brendan Woods
Extra Defensemen
Normal : Ryan Pulock, Ian McCoshen, Ryan Lindgren - PP : Ryan Pulock - PK : Filip Hronek, Ryan Lindgren
Penalty Shots
Adam Gaudette, Sonny Milano, Danny Kristo, Vladislav Namestnikov, Troy Terry
Scratches
Jack Ramsey (Healthy), Jordan Weal (Healthy), Konrad Abeltshauser (Healthy), Marcus Pettersson (Right Hip Injury), Michael Bunting (Healthy)
Nikita Pavlychev (Healthy), Ryan Mantha (Healthy), Tanner Kero (Healthy), Tomas Hyka (Healthy), Philippe Desrosiers (Healthy)
Adam Werner (Healthy)
% Time on Ice - Phantoms
Lines # - Real PCT - Wanted PCT - Time Play
Normal Forward
1 - 35% - 40% - 16:55
2 - 29% - 30% - 13:41
3 - 22% - 20% - 10:25
4 - 14% - 10% - 6:49
Normal Defense
1 - 40% - 40% - 18:59
2 - 34% - 30% - 16:18
3 - 22% - 20% - 10:30
4 - 4% - 10% - 2:03
PP Forward
1 - 53% - 60% - 4:04
2 - 47% - 40% - 3:39
PP Defense
1 - 60% - 60% - 4:36
2 - 40% - 40% - 3:07
PK Forward
1 - 75% - 60% - 3:20
2 - 25% - 40% - 1:07
PK Defense
1 - 60% - 60% - 2:40
2 - 40% - 40% - 1:47
PK3 Forward
1 - 0% - 60%
2 - 0% - 40%
PK3 Defense
1 - 0% - 60%
2 - 0% - 40%
44 Forward
1 - 0% - 60%
2 - 0% - 40%
44 Defense
1 - 0% - 60%
2 - 0% - 40%
Last Minute Offensive - 0:00
Last Minute Defensive - 0:00
Total
Forward - 60:00
Defense - 60:00
|
% Time on Ice - Griffins
Lines # - Real PCT - Wanted PCT - Time Play
Normal Forward
1 - 34% - 37% - 16:13
2 - 28% - 33% - 13:18
3 - 21% - 20% - 10:10
4 - 17% - 10% - 8:09
Normal Defense
1 - 41% - 40% - 19:27
2 - 31% - 30% - 14:50
3 - 20% - 20% - 9:27
4 - 9% - 10% - 4:06
PP Forward
1 - 63% - 55% - 2:48
2 - 37% - 45% - 1:39
PP Defense
1 - 68% - 55% - 3:01
2 - 32% - 45% - 1:26
PK Forward
1 - 71% - 60% - 5:30
2 - 29% - 40% - 2:13
PK Defense
1 - 53% - 60% - 4:07
2 - 47% - 40% - 3:36
PK3 Forward
1 - 0% - 60%
2 - 0% - 40%
PK3 Defense
1 - 0% - 60%
2 - 0% - 40%
44 Forward
1 - 0% - 60%
2 - 0% - 40%
44 Defense
1 - 0% - 60%
2 - 0% - 40%
Last Minute Offensive - 0:00
Last Minute Defensive - 0:00
Total
Forward - 60:00
Defense - 60:00
|
Play-by-Play
1st period
0:01 of 1st period - Riley Armstrong wins face-off versus Calle Jarnkrok in neutral zone.
0:26 of 1st period - Alex DeBrincat is hit by Danny Kristo and loses puck.
0:56 of 1st period - Snap shot by Martin Frk.
0:56 of 1st period - Stopped by Anton Forsberg with a rebound.
0:58 of 1st period - Slapshot by Ian McCoshen.
0:58 of 1st period - Deflect By Sonny Milano.
0:58 of 1st period - Shot Misses the Net.
0:58 of 1st period - Puck is out of play.
0:59 of 1st period - Lucas Wallmarkk wins face-off versus Greg McKegg in Phantoms zone.
1:04 of 1st period - Slapshot by Mikko Lehtonen.
1:04 of 1st period - Shot Blocked by Ian McCoshen.
1:31 of 1st period - Wrist shot by Travis Konecny.
1:31 of 1st period - Shot Misses the Net.
1:49 of 1st period - Snap shot by Sonny Milano.
1:49 of 1st period - Shot Blocked by Brenden Kichton.
1:51 of 1st period - Snap shot by Vladislav Namestnikov.
1:51 of 1st period - Stopped by Anton Forsberg without a rebound.
1:52 of 1st period - Vladislav Namestnikov wins face-off versus Nick Shore in Phantoms zone.
3:05 of 1st period - Wrist shot by Lucas Lessio.
3:05 of 1st period - Deflect By Ivan Provorov.
3:05 of 1st period - Stopped by Anton Forsberg with a rebound.
3:07 of 1st period - Wrist shot by Garrett Wilson.
3:07 of 1st period - Stopped by Anton Forsberg with a rebound.
3:09 of 1st period - Snap shot by Garrett Wilson.
3:09 of 1st period - Shot Blocked by Ivan Provorov.
4:28 of 1st period - Slapshot by Sven Andrighetto.
4:28 of 1st period - Shot Misses the Net.
4:30 of 1st period - Snap shot by Alex DeBrincat.
4:30 of 1st period - Shot Misses the Net.
4:32 of 1st period - Snap shot by Alex DeBrincat.
4:32 of 1st period - Stopped by Marcus Hogberg with a rebound.
4:36 of 1st period - Slapshot by Sven Andrighetto.
4:36 of 1st period - Stopped by Marcus Hogberg with a rebound.
4:46 of 1st period - Snap shot by Martin Frk.
4:46 of 1st period - Stopped by Anton Forsberg with a rebound.
4:48 of 1st period - Slapshot by Ryan Pulock.
4:48 of 1st period - Shot Misses the Net.
4:50 of 1st period - Snap shot by Ryan Pulock.
4:50 of 1st period - Stopped by Anton Forsberg with a rebound.
4:52 of 1st period - Wrist shot by Sonny Milano.
4:52 of 1st period - Shot Misses the Net.
5:44 of 1st period - Slapshot by Garrett Wilson.
5:44 of 1st period - Deflect By Rinat Valiev.
5:44 of 1st period - Shot Misses the Net.
5:44 of 1st period - Puck is out of play.
5:45 of 1st period - Greg McKegg wins face-off versus Nick Shore in Phantoms zone.
6:10 of 1st period - Calle Jarnkrok is hit by Phil Oreskovic.
6:20 of 1st period - Snap shot by Calle Jarnkrok.
6:20 of 1st period - Stopped by Marcus Hogberg without a rebound.
6:21 of 1st period - Cristoval Nieves wins face-off versus Riley Armstrong in Griffins zone.
6:34 of 1st period - Snap shot by Cristoval Nieves.
6:34 of 1st period - Stopped by Marcus Hogberg with a rebound.
6:36 of 1st period - Wrist shot by Nick Sorensen.
6:36 of 1st period - Stopped by Marcus Hogberg with a rebound.
6:46 of 1st period - Travis Konecny is hit by Filip Hronek and loses puck.
7:52 of 1st period - Minor Penalty to Cristoval Nieves for Hooking.
7:53 of 1st period - Brendan Woods wins face-off versus Michael Bournival in Phantoms zone.
9:30 of 1st period - Icing by Sonny Milano.
9:31 of 1st period - Mathew Barzal wins face-off versus Sven Andrighetto in Griffins zone.
9:52 of 1st period - Penalty to Cristoval Nieves is over, Cristoval Nieves is back on ice.
10:11 of 1st period - Slapshot by Michael Bournival.
10:11 of 1st period - Shot Misses the Net.
10:13 of 1st period - Snap shot by Calle Jarnkrok.
10:13 of 1st period - Shot Blocked by Greg McKegg.
10:24 of 1st period - Slapshot by Michael Bournival.
10:24 of 1st period - Stopped by Marcus Hogberg with a rebound.
10:26 of 1st period - Slapshot by Michael Bournival.
10:26 of 1st period - Shot Blocked by Greg McKegg.
10:44 of 1st period - Wrist shot by Calle Jarnkrok.
10:44 of 1st period - Shot Misses the Net.
10:46 of 1st period - Slapshot by Michael Bournival.
10:46 of 1st period - Goal by Michael Bournival - Phantoms : 1 - Griffins : 0.
10:47 of 1st period - Nick Shore wins face-off versus Riley Armstrong in neutral zone.
10:51 of 1st period - Minor Penalty to Phil Oreskovic for Holding.
10:52 of 1st period - Nick Shore wins face-off versus Lucas Lessio in Griffins zone.
10:52 of 1st period - Snap shot by Alex DeBrincat.
10:52 of 1st period - Stopped by Marcus Hogberg with a rebound.
12:51 of 1st period - Penalty to Phil Oreskovic is over, Phil Oreskovic is back on ice.
13:05 of 1st period - Icing by Rinat Valiev.
13:06 of 1st period - Greg McKegg wins face-off versus Cristoval Nieves in Phantoms zone.
13:17 of 1st period - Wrist shot by Cristoval Nieves.
13:17 of 1st period - Shot Blocked by Phil Oreskovic.
13:19 of 1st period - Snap shot by Erik Nystrom.
13:19 of 1st period - Deflect By Nick Sorensen.
13:19 of 1st period - Stopped by Marcus Hogberg without a rebound.
13:20 of 1st period - Riley Armstrong wins face-off versus Nick Shore in Griffins zone.
13:50 of 1st period - Slapshot by Travis Konecny.
13:50 of 1st period - Stopped by Marcus Hogberg with a rebound.
13:52 of 1st period - Slapshot by Travis Konecny.
13:52 of 1st period - Stopped by Marcus Hogberg with a rebound.
13:56 of 1st period - Snap shot by Travis Konecny.
13:56 of 1st period - Stopped by Marcus Hogberg with a rebound.
14:06 of 1st period - Wrist shot by Cristoval Nieves.
14:06 of 1st period - Deflect By Nick Sorensen.
14:06 of 1st period - Stopped by Marcus Hogberg with a rebound.
14:08 of 1st period - Wrist shot by Mark Alt.
14:08 of 1st period - Shot Hit the Post.
14:14 of 1st period - Snap shot by Nick Sorensen.
14:14 of 1st period - Shot Hit the Post.
14:16 of 1st period - Snap shot by Mark Alt.
14:16 of 1st period - Shot Blocked by Sonny Milano.
14:59 of 1st period - Minor Penalty to Nick Shore for Tripping.
15:00 of 1st period - Michael Bournival wins face-off versus Brendan Woods in Phantoms zone.
15:00 of 1st period - Michael Bournival is hit by Brendan Woods.
15:09 of 1st period - Wrist shot by Adam Gaudette.
15:09 of 1st period - Stopped by Anton Forsberg with a rebound.
15:11 of 1st period - Wrist shot by Lucas Lessio.
15:11 of 1st period - Shot Misses the Net.
15:15 of 1st period - Snap shot by Lucas Lessio.
15:15 of 1st period - Goal by Lucas Lessio - Phantoms : 1 - Griffins : 1.
15:16 of 1st period - Riley Armstrong wins face-off versus Michael Bournival in neutral zone.
16:11 of 1st period - Snap shot by Riley Armstrong.
16:11 of 1st period - Shot Misses the Net.
16:13 of 1st period - Wrist shot by Adam Gaudette.
16:13 of 1st period - Shot Misses the Net.
16:15 of 1st period - Wrist shot by Adam Gaudette.
16:15 of 1st period - Shot Blocked by Blake Heinrich.
16:17 of 1st period - Wrist shot by Lucas Lessio.
16:17 of 1st period - Stopped by Anton Forsberg without a rebound.
16:18 of 1st period - Mathew Barzal wins face-off versus Calle Jarnkrok in Phantoms zone.
16:19 of 1st period - Slapshot by Danny Kristo.
16:19 of 1st period - Stopped by Anton Forsberg with a rebound.
16:21 of 1st period - Snap shot by Brendan Woods.
16:21 of 1st period - Shot Misses the Net.
16:23 of 1st period - Slapshot by Phil Oreskovic.
16:23 of 1st period - Stopped by Anton Forsberg with a rebound.
16:25 of 1st period - Slapshot by Dmitri Orlov.
16:25 of 1st period - Deflect By Michael Bournival.
16:25 of 1st period - Stopped by Anton Forsberg with a rebound.
16:27 of 1st period - Slapshot by Danny Kristo.
16:27 of 1st period - Goal by Danny Kristo - Phantoms : 1 - Griffins : 2.
16:28 of 1st period - Calle Jarnkrok wins face-off versus Mathew Barzal in neutral zone.
16:37 of 1st period - Snap shot by Mathew Barzal.
16:37 of 1st period - Stopped by Anton Forsberg with a rebound.
16:39 of 1st period - Snap shot by Mathew Barzal.
16:39 of 1st period - Stopped by Anton Forsberg without a rebound.
16:40 of 1st period - Calle Jarnkrok wins face-off versus Mathew Barzal in Phantoms zone.
16:40 of 1st period - Calle Jarnkrok is hit by Danny Kristo.
16:52 of 1st period - Snap shot by Travis Konecny.
16:52 of 1st period - Shot Misses the Net.
16:54 of 1st period - Wrist shot by Travis Konecny.
16:54 of 1st period - Shot Misses the Net.
17:32 of 1st period - Snap shot by Martin Frk.
17:32 of 1st period - Stopped by Anton Forsberg with a rebound.
17:54 of 1st period - Snap shot by Troy Terry.
17:54 of 1st period - Stopped by Anton Forsberg with a rebound.
17:56 of 1st period - Slapshot by Phil Oreskovic.
17:56 of 1st period - Stopped by Anton Forsberg without a rebound.
17:57 of 1st period - Calle Jarnkrok wins face-off versus Mathew Barzal in Phantoms zone.
17:57 of 1st period - Calle Jarnkrok is hit by Brendan Woods.
18:23 of 1st period - Adam Gaudette is hit by Sven Andrighetto and loses puck.
18:54 of 1st period - Wrist shot by Sonny Milano.
18:54 of 1st period - Deflect By Martin Frk.
18:54 of 1st period - Shot Blocked by Blake Heinrich.
18:54 of 1st period - Puck is out of play.
18:55 of 1st period - Calle Jarnkrok wins face-off versus Mathew Barzal in Phantoms zone.
19:01 of 1st period - Off-side.
19:02 of 1st period - Calle Jarnkrok wins face-off versus Mathew Barzal in neutral zone.
19:05 of 1st period - Wrist shot by Michael Bournival.
19:05 of 1st period - Stopped by Marcus Hogberg without a rebound.
19:06 of 1st period - Calle Jarnkrok wins face-off versus Mathew Barzal in Griffins zone.
19:21 of 1st period - Ivan Provorov is hit by Brendan Woods and loses puck.
19:41 of 1st period - Sven Andrighetto is hit by Riley Armstrong and loses puck.
Goals for this period are 1 for Phantoms vs 2 for Griffins.
Shots for this period are 14 for Phantoms vs 18 for Griffins.
2nd period
0:01 of 2nd period - Mathew Barzal wins face-off versus Calle Jarnkrok in neutral zone.
0:03 of 2nd period - Minor Penalty to Phil Oreskovic for Hooking.
0:04 of 2nd period - Calle Jarnkrok wins face-off versus Lucas Lessio in Griffins zone.
0:31 of 2nd period - Lucas Lessio is hit by Alex DeBrincat and loses puck.
0:36 of 2nd period - Wrist shot by Alex DeBrincat.
0:36 of 2nd period - Deflect By Brendan Woods.
0:36 of 2nd period - Stopped by Marcus Hogberg with a rebound.
1:21 of 2nd period - Icing by Ivan Provorov.
1:22 of 2nd period - Nick Shore wins face-off versus Lucas Lessio in Phantoms zone.
1:54 of 2nd period - Brendan Woods is hit by Alex DeBrincat and loses puck.
2:03 of 2nd period - Penalty to Phil Oreskovic is over, Phil Oreskovic is back on ice.
2:32 of 2nd period - Wrist shot by Lucas Wallmarkk.
2:32 of 2nd period - Stopped by Marcus Hogberg without a rebound.
2:33 of 2nd period - Lucas Wallmarkk wins face-off versus Mathew Barzal in Griffins zone.
2:34 of 2nd period - Slapshot by Brendan Leipsic.
2:34 of 2nd period - Deflect By Lucas Wallmarkk.
2:34 of 2nd period - Stopped by Marcus Hogberg with a rebound.
3:02 of 2nd period - Snap shot by Riley Armstrong.
3:02 of 2nd period - Stopped by Anton Forsberg with a rebound.
3:04 of 2nd period - Slapshot by Filip Hronek.
3:04 of 2nd period - Deflect By Adam Gaudette.
3:04 of 2nd period - Shot Misses the Net.
3:04 of 2nd period - Puck is out of play.
3:05 of 2nd period - Calle Jarnkrok wins face-off versus Riley Armstrong in Phantoms zone.
3:14 of 2nd period - Snap shot by Michael Bournival.
3:14 of 2nd period - Shot Misses the Net.
3:19 of 2nd period - Off-side.
3:20 of 2nd period - Nick Shore wins face-off versus Mathew Barzal in neutral zone.
3:23 of 2nd period - Mathew Barzal is hit by Nick Shore and loses puck.
3:36 of 2nd period - Mark Alt is hit by Brendan Woods and loses puck.
4:21 of 2nd period - Slapshot by Calle Jarnkrok.
4:21 of 2nd period - Shot Blocked by Patrick Wiercioch.
4:38 of 2nd period - Danny Kristo is hit by Rinat Valiev and loses puck.
4:47 of 2nd period - Wrist shot by Erik Nystrom.
4:47 of 2nd period - Stopped by Marcus Hogberg with a rebound.
4:49 of 2nd period - Snap shot by Cristoval Nieves.
4:49 of 2nd period - Shot Blocked by Danny Kristo.
4:51 of 2nd period - Snap shot by Erik Nystrom.
4:51 of 2nd period - Stopped by Marcus Hogberg with a rebound.
6:06 of 2nd period - Wrist shot by Cristoval Nieves.
6:06 of 2nd period - Stopped by Marcus Hogberg without a rebound.
6:07 of 2nd period - Mathew Barzal wins face-off versus Cristoval Nieves in Griffins zone.
6:09 of 2nd period - Minor Penalty to Brendan Woods for Goalie Interference.
6:10 of 2nd period - Lucas Lessio wins face-off versus Travis Konecny in Griffins zone.
6:18 of 2nd period - Wrist shot by Calle Jarnkrok.
6:18 of 2nd period - Stopped by Marcus Hogberg without a rebound.
6:19 of 2nd period - Calle Jarnkrok wins face-off versus Lucas Lessio in Griffins zone.
6:20 of 2nd period - Snap shot by Michael Bournival.
6:20 of 2nd period - Goal by Michael Bournival - Phantoms : 2 - Griffins : 2.
6:21 of 2nd period - Calle Jarnkrok wins face-off versus Riley Armstrong in neutral zone.
6:30 of 2nd period - Snap shot by Travis Konecny.
6:30 of 2nd period - Shot Blocked by Phil Oreskovic.
6:32 of 2nd period - Slapshot by Mark Alt.
6:32 of 2nd period - Deflect By Travis Konecny.
6:32 of 2nd period - Shot Misses the Net.
6:32 of 2nd period - Puck is out of play.
6:33 of 2nd period - Calle Jarnkrok wins face-off versus Mathew Barzal in Griffins zone.
6:46 of 2nd period - Wrist shot by Michael Bournival.
6:46 of 2nd period - Shot Misses the Net.
7:07 of 2nd period - Slapshot by Lucas Lessio.
7:07 of 2nd period - Stopped by Anton Forsberg with a rebound.
7:52 of 2nd period - Slapshot by Sonny Milano.
7:52 of 2nd period - Goal by Sonny Milano - Phantoms : 2 - Griffins : 3.
7:53 of 2nd period - Calle Jarnkrok wins face-off versus Adam Gaudette in neutral zone.
8:00 of 2nd period - Slapshot by Travis Konecny.
8:00 of 2nd period - Shot Misses the Net.
8:04 of 2nd period - Snap shot by Travis Konecny.
8:04 of 2nd period - Shot Blocked by Riley Armstrong.
8:06 of 2nd period - Snap shot by Michael Bournival.
8:06 of 2nd period - Stopped by Marcus Hogberg without a rebound.
8:07 of 2nd period - Mathew Barzal wins face-off versus Calle Jarnkrok in Griffins zone.
8:16 of 2nd period - Mathew Barzal is hit by Michael Bournival.
9:40 of 2nd period - Snap shot by Nick Shore.
9:40 of 2nd period - Stopped by Marcus Hogberg with a rebound.
9:42 of 2nd period - Wrist shot by Sven Andrighetto.
9:42 of 2nd period - Stopped by Marcus Hogberg without a rebound.
9:43 of 2nd period - Calle Jarnkrok wins face-off versus Mathew Barzal in Griffins zone.
11:33 of 2nd period - Sonny Milano is hit by Nick Shore and loses puck.
11:48 of 2nd period - Snap shot by Brendan Leipsic.
11:48 of 2nd period - Shot Misses the Net.
11:56 of 2nd period - Wrist shot by Lucas Wallmarkk.
11:56 of 2nd period - Stopped by Marcus Hogberg with a rebound.
12:14 of 2nd period - Wrist shot by Brendan Woods.
12:14 of 2nd period - Stopped by Anton Forsberg without a rebound.
12:15 of 2nd period - Mathew Barzal wins face-off versus Calle Jarnkrok in Phantoms zone.
12:51 of 2nd period - Slapshot by Lucas Lessio.
12:51 of 2nd period - Shot Misses the Net.
13:30 of 2nd period - Backhand shot by Travis Konecny.
13:30 of 2nd period - Shot Misses the Net.
13:32 of 2nd period - Slapshot by Brenden Kichton.
13:32 of 2nd period - Deflect By Michael Bournival.
13:32 of 2nd period - Stopped by Marcus Hogberg with a rebound.
13:50 of 2nd period - Snap shot by Martin Frk.
13:50 of 2nd period - Shot Blocked by Brenden Kichton.
14:14 of 2nd period - Wrist shot by Nick Shore.
14:14 of 2nd period - Shot Misses the Net.
14:54 of 2nd period - Danny Kristo is hit by Travis Konecny and loses puck.
15:05 of 2nd period - Filip Hronek is hit by JC Lipon and loses puck.
15:35 of 2nd period - Wrist shot by Riley Armstrong.
15:35 of 2nd period - Stopped by Anton Forsberg without a rebound.
15:36 of 2nd period - Calle Jarnkrok wins face-off versus Mathew Barzal in Phantoms zone.
15:50 of 2nd period - Snap shot by Danny Kristo.
15:50 of 2nd period - Stopped by Anton Forsberg with a rebound.
16:42 of 2nd period - Snap shot by Travis Konecny.
16:42 of 2nd period - Stopped by Marcus Hogberg with a rebound.
16:59 of 2nd period - Snap shot by Martin Frk.
16:59 of 2nd period - Stopped by Anton Forsberg without a rebound.
17:00 of 2nd period - Nick Shore wins face-off versus Riley Armstrong in Phantoms zone.
17:21 of 2nd period - Minor Penalty to Riley Armstrong for Hooking.
17:22 of 2nd period - Calle Jarnkrok wins face-off versus Lucas Lessio in Griffins zone.
19:21 of 2nd period - Penalty to Riley Armstrong is over, Riley Armstrong is back on ice.
Goals for this period are 1 for Phantoms vs 1 for Griffins.
Shots for this period are 14 for Phantoms vs 7 for Griffins.
3rd period
0:01 of 3rd period - Mathew Barzal wins face-off versus Calle Jarnkrok in neutral zone.
0:06 of 3rd period - Snap shot by Dmitri Orlov.
0:06 of 3rd period - Shot Misses the Net.
0:12 of 3rd period - Snap shot by Travis Konecny.
0:12 of 3rd period - Shot Blocked by Dmitri Orlov.
0:14 of 3rd period - Wrist shot by Michael Bournival.
0:14 of 3rd period - Shot Misses the Net.
0:28 of 3rd period - Alex DeBrincat is hit by Riley Armstrong.
1:57 of 3rd period - Wrist shot by Riley Armstrong.
1:57 of 3rd period - Shot Blocked by Blake Heinrich.
2:21 of 3rd period - Snap shot by Martin Frk.
2:21 of 3rd period - Shot Misses the Net.
2:33 of 3rd period - Slapshot by Phil Oreskovic.
2:33 of 3rd period - Shot Misses the Net.
2:35 of 3rd period - Wrist shot by Phil Oreskovic.
2:35 of 3rd period - Shot Misses the Net.
2:37 of 3rd period - Snap shot by Garrett Wilson.
2:37 of 3rd period - Goal by Garrett Wilson - Phantoms : 2 - Griffins : 4.
2:38 of 3rd period - Calle Jarnkrok wins face-off versus Riley Armstrong in neutral zone.
3:45 of 3rd period - Patrick Wiercioch is hit by Nick Shore and loses puck.
4:07 of 3rd period - Off-side.
4:08 of 3rd period - Nick Shore wins face-off versus Lucas Lessio in neutral zone.
4:35 of 3rd period - Cristoval Nieves is hit by Ian McCoshen and loses puck.
4:41 of 3rd period - Off-side.
4:42 of 3rd period - Calle Jarnkrok wins face-off versus Mathew Barzal in neutral zone.
4:45 of 3rd period - Dmitri Orlov is hit by Michael Bournival and loses puck.
5:16 of 3rd period - Sven Andrighetto is hit by Riley Armstrong and loses puck.
5:24 of 3rd period - Icing by Rinat Valiev.
5:25 of 3rd period - Nick Shore wins face-off versus Vladislav Namestnikov in Phantoms zone.
5:38 of 3rd period - Wrist shot by Vladislav Namestnikov.
5:38 of 3rd period - Stopped by Anton Forsberg with a rebound.
5:40 of 3rd period - Slapshot by Ryan Pulock.
5:40 of 3rd period - Shot Misses the Net.
5:58 of 3rd period - Snap shot by Alex DeBrincat.
5:58 of 3rd period - Shot Hit the Post.
6:00 of 3rd period - Slapshot by Blake Heinrich.
6:00 of 3rd period - Shot Blocked by Lucas Lessio.
6:02 of 3rd period - Snap shot by Alex DeBrincat.
6:02 of 3rd period - Shot Misses the Net.
6:20 of 3rd period - Snap shot by Erik Nystrom.
6:20 of 3rd period - Goal by Erik Nystrom - Phantoms : 3 - Griffins : 4.
6:21 of 3rd period - Calle Jarnkrok wins face-off versus Riley Armstrong in neutral zone.
6:23 of 3rd period - Off-side.
6:24 of 3rd period - Riley Armstrong wins face-off versus Calle Jarnkrok in neutral zone.
6:31 of 3rd period - Ivan Provorov is hit by Lucas Lessio and loses puck.
7:02 of 3rd period - Slapshot by Adam Gaudette.
7:02 of 3rd period - Stopped by Anton Forsberg without a rebound.
7:03 of 3rd period - Mathew Barzal wins face-off versus Nick Shore in Phantoms zone.
7:14 of 3rd period - Snap shot by Brendan Woods.
7:14 of 3rd period - Stopped by Anton Forsberg without a rebound.
7:15 of 3rd period - Calle Jarnkrok wins face-off versus Mathew Barzal in Phantoms zone.
7:15 of 3rd period - Calle Jarnkrok is hit by Danny Kristo.
7:27 of 3rd period - Ivan Provorov is hit by Danny Kristo and loses puck.
8:12 of 3rd period - Off-side.
8:13 of 3rd period - Mathew Barzal wins face-off versus Travis Konecny in neutral zone.
8:22 of 3rd period - Snap shot by Travis Konecny.
8:22 of 3rd period - Stopped by Marcus Hogberg without a rebound.
8:23 of 3rd period - Brendan Woods wins face-off versus Calle Jarnkrok in Griffins zone.
9:03 of 3rd period - Icing by Travis Konecny.
9:04 of 3rd period - Riley Armstrong wins face-off versus Calle Jarnkrok in Phantoms zone.
9:05 of 3rd period - Snap shot by Adam Gaudette.
9:05 of 3rd period - Stopped by Anton Forsberg without a rebound.
9:06 of 3rd period - Nick Shore wins face-off versus Riley Armstrong in Phantoms zone.
9:19 of 3rd period - Backhand shot by Ivan Provorov.
9:19 of 3rd period - Shot Blocked by Lucas Lessio.
9:31 of 3rd period - Mark Alt is hit by Ian McCoshen and loses puck.
9:56 of 3rd period - Brenden Kichton is hit by Brendan Woods and loses puck.
10:17 of 3rd period - Snap shot by Lucas Wallmarkk.
10:17 of 3rd period - Stopped by Marcus Hogberg with a rebound.
10:42 of 3rd period - Minor Penalty to Adam Gaudette for Tripping.
10:43 of 3rd period - Calle Jarnkrok wins face-off versus Lucas Lessio in Griffins zone.
10:59 of 3rd period - Michael Bournival is hit by Lucas Lessio and loses puck.
11:20 of 3rd period - Snap shot by Blake Heinrich.
11:20 of 3rd period - Deflect By Nick Shore.
11:20 of 3rd period - Shot Misses the Net.
11:20 of 3rd period - Puck is out of play.
11:21 of 3rd period - Nick Shore wins face-off versus Vladislav Namestnikov in Griffins zone.
11:46 of 3rd period - Ryan Pulock is hit by Calle Jarnkrok and loses puck.
12:11 of 3rd period - Wrist shot by Vladislav Namestnikov.
12:11 of 3rd period - Stopped by Anton Forsberg without a rebound.
12:12 of 3rd period - Calle Jarnkrok wins face-off versus Lucas Lessio in Phantoms zone.
12:17 of 3rd period - Wrist shot by Travis Konecny.
12:17 of 3rd period - Goal by Travis Konecny - Phantoms : 4 - Griffins : 4.
12:18 of 3rd period - Calle Jarnkrok wins face-off versus Riley Armstrong in neutral zone.
12:32 of 3rd period - Wrist shot by Calle Jarnkrok.
12:32 of 3rd period - Shot Misses the Net.
12:57 of 3rd period - Blake Heinrich is hit by Phil Oreskovic and loses puck.
13:12 of 3rd period - Snap shot by Vladislav Namestnikov.
13:12 of 3rd period - Shot Misses the Net.
13:14 of 3rd period - Slapshot by Dmitri Orlov.
13:14 of 3rd period - Deflect By Martin Frk.
13:14 of 3rd period - Stopped by Anton Forsberg without a rebound.
13:15 of 3rd period - Calle Jarnkrok wins face-off versus Vladislav Namestnikov in Phantoms zone.
13:50 of 3rd period - Slapshot by Sven Andrighetto.
13:50 of 3rd period - Shot Misses the Net.
14:08 of 3rd period - Snap shot by Erik Nystrom.
14:08 of 3rd period - Shot Misses the Net.
14:10 of 3rd period - Snap shot by Cristoval Nieves.
14:10 of 3rd period - Shot Blocked by Brendan Woods.
14:20 of 3rd period - Wrist shot by Danny Kristo.
14:20 of 3rd period - Stopped by Anton Forsberg without a rebound.
14:21 of 3rd period - Greg McKegg wins face-off versus Lucas Wallmarkk in Phantoms zone.
14:28 of 3rd period - Wrist shot by Greg McKegg.
14:28 of 3rd period - Shot Misses the Net.
14:30 of 3rd period - Slapshot by Phil Oreskovic.
14:30 of 3rd period - Shot Misses the Net.
14:32 of 3rd period - Snap shot by Garrett Wilson.
14:32 of 3rd period - Shot Misses the Net.
14:34 of 3rd period - Snap shot by Garrett Wilson.
14:34 of 3rd period - Goal by Garrett Wilson - Phantoms : 4 - Griffins : 5.
14:35 of 3rd period - Riley Armstrong wins face-off versus Calle Jarnkrok in neutral zone.
14:37 of 3rd period - Off-side.
14:38 of 3rd period - Calle Jarnkrok wins face-off versus Lucas Lessio in neutral zone.
14:40 of 3rd period - Minor Penalty to Calle Jarnkrok for Hooking.
14:41 of 3rd period - Brendan Woods wins face-off versus Michael Bournival in Phantoms zone.
14:45 of 3rd period - Snap shot by Lucas Lessio.
14:45 of 3rd period - Shot Blocked by Michael Bournival.
14:47 of 3rd period - Slapshot by Dmitri Orlov.
14:47 of 3rd period - Shot Blocked by Mark Alt.
14:49 of 3rd period - Wrist shot by Lucas Lessio.
14:49 of 3rd period - Shot Blocked by Michael Bournival.
14:53 of 3rd period - Wrist shot by Adam Gaudette.
14:53 of 3rd period - Goal by Adam Gaudette - Phantoms : 4 - Griffins : 6.
14:54 of 3rd period - Calle Jarnkrok wins face-off versus Riley Armstrong in neutral zone.
15:13 of 3rd period - Riley Armstrong is hit by Michael Bournival.
15:27 of 3rd period - Slapshot by Martin Frk.
15:27 of 3rd period - Shot Misses the Net.
15:29 of 3rd period - Slapshot by Dmitri Orlov.
15:29 of 3rd period - Stopped by Anton Forsberg without a rebound.
15:30 of 3rd period - Cristoval Nieves wins face-off versus Vladislav Namestnikov in Phantoms zone.
15:35 of 3rd period - Wrist shot by Erik Nystrom.
15:35 of 3rd period - Shot Blocked by Vladislav Namestnikov.
15:41 of 3rd period - Cristoval Nieves is hit by Ryan Pulock and loses puck.
15:46 of 3rd period - Wrist shot by Martin Frk.
15:46 of 3rd period - Stopped by Anton Forsberg with a rebound.
16:19 of 3rd period - Slapshot by Phil Oreskovic.
16:19 of 3rd period - Stopped by Anton Forsberg without a rebound.
16:20 of 3rd period - Mathew Barzal wins face-off versus Nick Shore in Phantoms zone.
16:32 of 3rd period - Minor Penalty to Sven Andrighetto for High sticking.
16:33 of 3rd period - Michael Bournival wins face-off versus Adam Gaudette in Phantoms zone.
16:40 of 3rd period - Off-side.
16:41 of 3rd period - Lucas Lessio wins face-off versus Michael Bournival in neutral zone.
16:50 of 3rd period - Wrist shot by Brendan Woods.
16:50 of 3rd period - Shot Blocked by Ivan Provorov.
17:12 of 3rd period - Snap shot by Lucas Lessio.
17:12 of 3rd period - Shot Misses the Net.
18:32 of 3rd period - Penalty to Sven Andrighetto is over, Sven Andrighetto is back on ice.
19:03 of 3rd period - Snap shot by Rinat Valiev.
19:03 of 3rd period - Deflect By Riley Armstrong.
19:03 of 3rd period - Stopped by Marcus Hogberg with a rebound.
19:05 of 3rd period - Slapshot by Blake Heinrich.
19:05 of 3rd period - Deflect By Ian McCoshen.
19:05 of 3rd period - Stopped by Marcus Hogberg without a rebound.
19:06 of 3rd period - Nick Shore wins face-off versus Riley Armstrong in Griffins zone.
19:07 of 3rd period - Slapshot by Sven Andrighetto.
19:07 of 3rd period - Stopped by Marcus Hogberg without a rebound.
19:08 of 3rd period - Riley Armstrong wins face-off versus Nick Shore in Griffins zone.
19:57 of 3rd period - Brenden Kichton is hit by Riley Armstrong and loses puck.
Goals for this period are 2 for Phantoms vs 3 for Griffins.
Shots for this period are 7 for Phantoms vs 13 for Griffins.